 Dungeon Crawl Stone Soup version 0.23.2-40-g277498a001 (webtiles) character file.

Game seed: 18352016662051016516

9 Emblim88 the Caller (level 2, 0/11 HPs)
             Began as a Felid Summoner on Sept 18, 2019.
             Slain by a leopard gecko (4 damage)
             ... on level 1 of the Dungeon.
             The game lasted 00:03:26 (389 turns).

Emblim88 the Caller (Felid Summoner)                 Turns: 389, Time: 00:03:27

Health: 0/11       AC:  1    Str:  4    XL:     2   Next: 3%
Magic:  1/6        EV: 18    Int: 16    God:
Gold:   11         SH:  0    Dex: 16    Spells: 4/5 levels left
                                        Lives:  0   Deaths: 0

rFire    . . .     SeeInvis +   (weapon unavailable)
rCold    . . .     Gourm    .   (shield unavailable)
rNeg     . . .     Faith    +   (armour unavailable)
rPois    .         Spirit   .   (helmet unavailable)
rElec    .         Reflect  .   (cloak unavailable)
rCorr    .         Harm     .   (gloves unavailable)
MR       .....                  (boots unavailable)
Stlth    +++.......             d - amulet of faith
HPRegen  0.03/turn              (no ring)
MPRegen  0.10/turn              (no ring)

@: about to teleport, quick
A: very small, no armour, no weapons or thrown items, stealth, claws 1, fangs 3,
see invisible, carnivore, speed 1, shaggy fur 1, slow metabolism 1, sharp paws
a: no special abilities


You were on level 1 of the Dungeon.
You were not hungry.

You visited 1 branch of the dungeon, and saw 1 of its levels.

You collected 11 gold pieces.

Inventory:

Jewellery
 d - an amulet of faith (around neck)
Scrolls
 e - a scroll of amnesia {unknown}
 f - a scroll of noise {unknown}
 g - a scroll of identify
 h - a scroll of teleportation
Potions
 a - a potion of lignification {unknown}
 c - 2 potions of curing {unknown}
Comestibles
 b - a ration


   Skills:
 + Level 2.7 Dodging
 * Level 2.8 Stealth
 + Level 2.2 Spellcasting
 * Level 4.2 Summonings


You had 4 spell levels left.
You knew the following spells:

 Your Spells              Type           Power        Failure   Level  Hunger
a - Summon Small Mammal   Summ           ###.         3%          1    #......

Your spell library contained the following spells:

 Spells                   Type           Power        Failure   Level  Hunger
 Call Imp                 Summ           ###.....     5%          2    ###....
 Call Canine Familiar     Summ           ###.....     11%         3    ###....
 Summon Guardian Golem    Hex/Summ       #.......     26%         3    ###....
 Summon Ice Beast         Ice/Summ       #.......     63%         4    #####..
 Summon Lightning Spire   Summ/Air       #.......     63%         4    #####..


Dungeon Overview and Level Annotations

Branches:
Dungeon (1/15)

Altars:


Innate Abilities, Weirdness & Mutations

You cannot wear armour.
You are incapable of wielding weapons or throwing items.
Your paws allow you to move quietly. (Stealth)
You have sharp claws.
You have razor-sharp teeth.
You have supernaturally acute eyesight. (SInv)
You are carnivorous and can eat meat at any time.
You cover ground quickly.
You are covered in fur. (AC +1)
You have a slow metabolism.
Your sharp claws are effective at attacking unaware monsters.


Message History

You swap places.
The leopard gecko barely misses your rat.
You feel a strange surge of divine interest.
d - an amulet of faith (around neck)
Your rat closely misses the leopard gecko.
As you read the scroll labeled IRCHU POYTTED, it crumbles to dust.
It is a scroll of identify.
h - 2 scrolls of teleportation The leopard gecko bites your rat.
Your rat dies!
Your rat's corpse disappears in a puff of smoke!
As you read the scroll of teleportation, it crumbles to dust.
You feel strangely unstable. The leopard gecko closely misses you.
You scratch the leopard gecko.
The leopard gecko is moderately wounded.
The leopard gecko bites you.
You barely miss the leopard gecko.
The leopard gecko is moderately wounded.
The leopard gecko bites you.
You die...

### ### #.# ###.# ##'####..##
+...'..######## ####.<.####
#@l.# ##### ###..'...'..##
###.# ##...##
#..####'####..####.#
#.....##### .### #(# #.#..(#
#.......... ##
############....# #.....#####
####..............r#
#.K(bK.....
##.##########....gK#
#.###.#####
#..................# ##.....#
##.############.#..###.g..###


You could see a leopard gecko.

Vanquished Creatures (collateral kills)
  An ooze (D:1)
  A leopard gecko (D:1)
  A giant cockroach (D:1)
  3 kobolds (D:1)
  A bat (D:1)
  A frilled lizard (D:1)
  A rat (D:1)
9 creatures vanquished.

Notes
Turn   | Place    | Note
-------+----------+-------------------------------------------
     0 | D:1      | Emblim88 the Felid Summoner began the quest for the Orb.
     0 | D:1      | Reached XP level 1. HP: 7/7 MP: 4/4
   351 | D:1      | Reached XP level 2. HP: 11/11 MP: 1/6
   389 | D:1      | Slain by a leopard gecko

Action                   || total
-------------------------++-------
Melee: Unarmed           ||     3
 Cast: Summon Small Mamm ||    20
  Use: Scroll            ||     2
Dodge: Dodged            ||     8
